 Dungeon Crawl Stone Soup version 0.21-a0-329-g12f17e1 (webtiles) character file.

3284 namelastname112 the Covert (level 9, -1/45 HPs)
             Began as a Felid Wanderer on Oct 1, 2017.
             Was a Follower of Cheibriados (penitent).
             Slain by an orc
             ... wielding a +0 halberd
              (11 damage)
             ... in a bailey.
             The game lasted 00:18:16 (11714 turns).

namelastname112 the Covert (Felid Wanderer)        Turns: 11714, Time: 00:18:16

Health: -1/45      AC:  4    Str: 11      XL:     9   Next: 69%
Magic:  0/10       EV: 29    Int: 13 (14) God:    Cheibriados [*]
Gold:   575        SH:  0    Dex: 15 (16) Spells: 8/8 levels left
                                        Lives:  0   Deaths: 3

rFire    + . .     SeeInvis +     - Unarmed
rCold    . . .     Gourm    .   (shield unavailable)
rNeg     . . .     Faith    .   (armour unavailable)
rPois    .         Spirit   +   (helmet unavailable)
rElec    .         Reflect  .   (cloak unavailable)
rCorr    .         Harm     .   (gloves unavailable)
MR       +....                  (boots unavailable)
Stlth    +++++.....             s - amulet of guardian spirit
HPRegen  0.15/turn              a - +3 ring of evasion
MPRegen  0.12/turn              p - ring of protection from fire

@: berserk cooldown, slowed, studying 2 skills, very slow
A: no armour, no weapons or thrown items, stealth, claws 1, fangs 3, iridescent
scales 1, see invisible, blink, carnivore 3, deterioration 1, speed 1, shaggy
fur 2, slow metabolism 1, wild magic 1, sharp paws
a: Blink, Renounce Religion


You were in a bailey.
You worshipped Cheibriados.
Cheibriados was demanding penance.
You were completely stuffed.

You visited 2 branches of the dungeon, and saw 11 of its levels.
You also visited: Ossuary and Bailey.

You collected 575 gold pieces.

Inventory:

Jewellery
 a - a +3 ring of evasion (left paw)
 k - an uncursed ring of flight
 p - a ring of protection from fire (right paw)
 s - an amulet of guardian spirit (around neck)
Wands
 l - a wand of enslavement (4/24)
 t - a wand of confusion (19/48)
 u - a wand of confusion (19/48)
 v - a wand of paralysis (3/24)
 w - a wand of random effects (30/48)
 C - a wand of flame (33/48)
Scrolls
 c - 4 scrolls of teleportation
 e - 8 scrolls of remove curse
 i - a scroll of amnesia
 m - 4 scrolls of enchant weapon
 o - 4 scrolls of immolation
 B - a scroll of recharging
Potions
 b - a potion of berserk rage
 h - 7 potions of flight
 j - a potion of brilliance
 n - 3 potions of haste
 x - a potion of magic
 A - a potion of ambrosia
 D - a potion of might
Books
 d - a manual of
Armour
 q - a manual of Fighting
 r - a book of Flames

   Spells                             Type                      Level
   a - Flame Tongue                   Conjuration/Fire             1
   b - Throw Flame                    Conjuration/Fire             2
   c - Conjure Flame                  Conjuration/Fire             3
   d - Inner Flame                    Hexes/Fire                   3
   e - Sticky Flame                   Conjuration/Fire             4
   f - Fireball                       Conjuration/Fire             5
 y - a manual of Stealth
Comestibles
 f - 8 meat rations
 g - 5 royal jellies


   Skills:
 + Level 8.7 Fighting
 + Level 11.0 Dodging
 + Level 12.0 Stealth
 + Level 10.3 Unarmed Combat
 - Level 1.1 Evocations


You had 8 spell levels left.
You didn't know any spells.

Dungeon Overview and Level Annotations

Branches:
Dungeon (10/15)            Temple (1/1) D:7
   Lair: D:8-11         Orc: D:9-12

Altars:
Ashenzari
Cheibriados
Dithmenos
Fedhas
Hepliaklqana
Kikubaaqudgha
Makhleb
Nemelex Xobeh
Okawaru
Sif Muna
Trog
Uskayaw
Vehumet
Wu Jian
Xom
Yredelemnul
Zin
The Shining One

Annotations:
D:9 Gastronok


Innate Abilities, Weirdness & Mutations

You cannot wear armour.
You are incapable of wielding weapons or throwing items.
Your paws allow you to move quietly. (Stealth)
You have sharp claws.
You have razor-sharp teeth.
You have supernaturally acute eyesight. (SInv)
You are carnivorous and can eat meat at any time.
You cover ground quickly.
You are covered in thick fur. (AC +2)
You have a slow metabolism.
Your sharp claws are effective at attacking unaware monsters.
You are partially covered in iridescent scales. (AC +2)
You can translocate small distances at will.
Your body sometimes deteriorates upon taking damage.
Your spells are a little harder to cast, but a little more powerful.


Message History

You feel yourself slow down. The orc completely misses you.
You now have 8/45 hp.
The orc completely misses you. x2
Things that are here:
a glaive; a plate armour; an orc corpse You barely miss the orc.
The orc closely misses you. x2
The orc completely misses you.
You scratch the orc.
The orc is almost dead.
The orc completely misses you. x2
You scratch the orc.
You kill the orc!
Cheibriados appreciates the change of pace.
The orc completely misses you.
An orc comes into view. It is wielding a trident.
The orc completely misses you.
Things that are here:
a trident; a ring mail; an orc corpse The orc hits you with a halberd!
You die...

≈≈.≈.≈≈≈≈≈.≈.≈≈.#
.≈.≈≈..oc.≈≈.≈.##
.≈≈.≈≈≈.≈≈≈.≈≈.#
..≈≈..≈.≈..≈≈..#
≈≈o..≈≈≈.⌠.# . ...
.#### #####....
....⌠#######⌠.......
.......).)o@)......#
..........).......##
#########'''#########
##≈≈≈≈≈≈≈#...#
##≈≈≈≈≈≈≈≈#...#
##≈≈≈≈≈≈≈≈.#...#.≈≈≈≈≈
#≈≈≈≈≈≈≈..≈#...#≈.c≈≈≈≈
#≈≈≈≈≈..≈≈≈.....≈≈≈..≈≈
#≈≈≈≈.≈≈≈.........≈≈≈.≈


You could see an orc.

Vanquished Creatures
  Erica (D:8)
  An ugly thing (D:7)
  Psyche (D:8)
  Grum (D:8)
  Sigmund (D:4)
  Duvessa (D:4)
  A yak (D:7)
  Edmund (D:4)
  2 hell hounds (D:9)
  An ice beast (D:7)
  14 orc warriors
  2 sky beasts
  An ogre (D:6)
  5 black bears
  3 killer bees (D:8)
  2 wolves (D:8)
  7 centaurs
  A crocodile (D:9)
  An elf zombie (Ossuary)
  5 bullfrogs
  A gnoll shaman (D:6)
  6 worker ants
  A scorpion (D:5)
  7 wights
  A howler monkey (D:9)
  A crimson imp (D:6)
  8 orc priests
  5 hounds
  A human zombie (Ossuary)
  Natasha (thrice) (D:4)
  7 orc wizards
  A hound zombie (Ossuary)
  A hound skeleton (D:5)
  3 mummies (Ossuary)
  3 gnolls (D:6)
  3 worker ant zombies
  9 adders
  2 shadow imps
  4 oozes
  An adder zombie (Ossuary)
  6 worms
  A leopard gecko (D:2)
  47 orcs
  4 bats
  7 giant cockroaches
  A gnoll zombie (Ossuary)
  11 goblins
  2 hobgoblins (D:1)
  7 jackals
  9 kobolds
  5 quokkas
  6 frilled lizards
  3 hobgoblin zombies (Ossuary)
  A kobold zombie (Ossuary)
  An orc zombie (Ossuary)
  A quokka skeleton (D:4)
  A quokka zombie (D:6)
  15 rats
  A rat zombie (Ossuary)
249 creatures vanquished.

Vanquished Creatures (collateral kills)
  A killer bee (D:8)
  An ogre (D:4)
  Dowan (D:4)
  A howler monkey (D:6)
  A gnoll (D:6)
  An adder (D:4)
  3 orcs
  A jackal (D:4)
  A kobold zombie (Ossuary)
11 creatures vanquished.

Vanquished Creatures (others)
  An orc warrior (Bailey)
  A wolf (D:8)
  A killer bee (D:8)
  A jelly (D:6)
  A mummy (Ossuary)
5 creatures vanquished.

Grand Total: 265 creatures vanquished

Notes
Turn   | Place    | Note
-------+----------+-------------------------------------------
     0 | D:1      | namelastname112 the Felid Wanderer began the quest for the Orb.
     0 | D:1      | namelastname112 set off with: a potion of heal wounds, a potion of berserk rage, a scroll of teleportation, a potion of curing, a meat ration
     0 | D:1      | Reached XP level 1. HP: 9/9 MP: 2/2
   218 | D:1      | Reached XP level 2. HP: 12/12 MP: 3/3
   311 | D:1      | Reached skill level 2 in Stealth
   737 | D:1      | Reached XP level 3. HP: 16/16 MP: 4/4
  2112 | D:2      | Found a hazy altar of Hepliaklqana.
  2117 | D:2      | Reached skill level 3 in Stealth
  2117 | D:2      | Reached XP level 4. HP: 19/19 MP: 5/5
  2375 | D:3      | Found a radiant altar of Vehumet.
  2644 | D:3      | Found an ornate altar of the Wu Jian Council.
  2683 | D:3      | Reached XP level 5. HP: 16/23 MP: 6/6
  2862 | D:3      | HP: 1/23 [acid (8)]
  2863 | D:3      | Slain by a bat
  2864 | D:3      | Reached XP level 4. HP: 0/20 MP: 5/5
  3269 | D:4      | Noticed an ogre
  3312 | D:4      | Killed an ogre
  3312 | D:4      | Reached skill level 4 in Stealth
  3320 | D:4      | Reached XP level 5. HP: 24/24 MP: 6/6
  3345 | D:4      | Noticed Edmund
  3390 | D:4      | Noticed Duvessa
  3403 | D:4      | Noticed Natasha
  3473 | D:4      | Noticed Sigmund
  3502 | D:4      | Found a sand-covered staircase.
  3508 | Ossuary  | Entered an ossuary
  3817 | Ossuary  | Gained mutation: You are covered in thick fur. (AC +2) [Felid growth]
  3817 | Ossuary  | Reached XP level 6. HP: 28/28 MP: 7/7
  3984 | D:4      | Killed Edmund
  3984 | D:4      | Reached skill level 5 in Stealth
  4010 | D:4      | Killed Sigmund
  4010 | D:4      | Reached skill level 5 in Dodging
  4010 | D:4      | Reached XP level 7. HP: 17/31 MP: 8/8
  4156 | D:4      | Found a blossoming altar of Fedhas.
  4158 | D:4      | Found an ancient bone altar of Kikubaaqudgha.
  4203 | D:4      | Killed Natasha
  4260 | D:4      | Noticed Natasha
  4265 | D:4      | Killed Natasha
  4271 | D:4      | Noticed Natasha
  4502 | D:4      | Killed Natasha
  4676 | D:4      | Noticed Dowan
  4686 | D:4      | Killed Dowan
  4686 | D:4      | Reached skill level 6 in Stealth
  4744 | D:4      | Killed Duvessa
  5389 | D:5      | Entered Level 5 of the Dungeon
  5522 | D:5      | Reached XP level 8. HP: 36/36 MP: 9/9
  5692 | D:5      | Reached skill level 7 in Stealth
  5845 | D:5      | Reached skill level 5 in Fighting
  6181 | D:6      | Found a shadowy altar of Dithmenos.
  6756 | D:6      | Reached skill level 8 in Stealth
  7337 | D:6      | Reached XP level 9. HP: 41/41 MP: 10/10
  7431 | D:6      | Found a glowing golden altar of the Shining One.
  7872 | D:7      | Reached skill level 9 in Stealth
  8648 | D:7      | Noticed a cyan ugly thing
  8706 | D:7      | Found a staircase to the Ecumenical Temple.
  8712 | Temple   | Entered the Ecumenical Temple
  8804 | Temple   | Became a worshipper of Cheibriados the Contemplative
  9057 | D:7      | Killed a cyan ugly thing
  9193 | D:8      | Reached skill level 10 in Stealth
  9293 | D:8      | Noticed Psyche
  9299 | D:8      | Killed Psyche
  9348 | D:8      | Noticed Erica
  9364 | D:8      | HP: 1/43 [Erica/scimitar of flaming (13)]
  9366 | D:8      | Killed Erica
  9366 | D:8      | Reached XP level 10. HP: 12/47 MP: 0/11
  9367 | D:8      | Noticed Grum
  9383 | D:8      | Slain by a killer bee
  9384 | D:8      | Reached XP level 9. HP: 0/43 MP: 0/10
  9597 | D:8      | Found an iron altar of Okawaru.
  9601 | D:8      | Found a glowing silver altar of Zin.
  9601 | D:8      | Found a sparkling altar of Nemelex Xobeh.
  9750 | D:8      | Killed Grum
  9750 | D:8      | Reached skill level 10 in Dodging
  9822 | D:8      | Reached * piety under Cheibriados
  9975 | D:8      | Was placed under penance by Cheibriados
  9983 | D:8      | Reached skill level 11 in Stealth
  9985 | D:8      | Was forgiven by Cheibriados
 10486 | D:9      | Noticed Gastronok
 10844 | D:9      | Found a bloodstained altar of Trog.
 10865 | D:9      | Reached skill level 10 in Unarmed Combat
 11137 | D:9      | Reached XP level 10. HP: 31/48 MP: 6/11
 11214 | D:9      | Killed from afar by Gastronok
 11215 | D:9      | Reached XP level 9. HP: -5/44 MP: 0/10
 11222 | D:10     | Entered Level 10 of the Dungeon
 11226 | D:10     | Gained mutation: You can translocate small distances at will. [potion of mutation]
 11226 | D:10     | Gained mutation: Your body sometimes deteriorates upon taking damage. [potion of mutation]
 11226 | D:10     | Gained mutation: You are partially covered in iridescent scales. (AC +2) [potion of mutation]
 11226 | D:10     | Gained mutation: Your spells are a little harder to cast, but a little more powerful. [potion of mutation]
 11235 | D:10     | Found a flagged portal.
 11246 | Bailey   | Entered a bailey
 11497 | Bailey   | Identified a scroll of acquirement
 11517 | Bailey   | Reached ** piety under Cheibriados
 11696 | Bailey   | Was placed under penance by Cheibriados
 11703 | Bailey   | Reached skill level 12 in Stealth
 11714 | Bailey   | Slain by an orc

Vault maps used:
D:1:      erik_arrival_orb_chamber, minmay_pentomino_w2
D:2:      old_standard_altar
D:3:      kennysheep_big_flooded_room, nicolae_overflow_crystal_walls,
          lemuel_doored_altar
D:4:      grunt_temple_overflow_growth_and_decay, enter_ossuary_5,
          minmay_misc_feat_columns, corexii_hall_statues_i, uniq_sigmund,
          uniq_natasha, uniq_edmund, uniq_duvessa
D:5:      first_bread
D:6:      nicolae_tso_swordbearing_angel, overflow_temple_1_default,
          minmay_crystal_room
D:7:      minmay_temple_entry_fiery, st_stairs_12, hex_tiny, minmay_small_thing
D:8:      lemuel_round_altar, chequers_temple_overflow_statue_of_worship,
          serial_glass, glass_columns_b, glass_columns_a, uniq_psyche,
          uniq_erica, uniq_grum
D:9:      trog_ov_bears_minmay, minmay_lair_entry_lava, serial_shops,
          shop_coins, grunt_ogre_cave, uniq_gastronok
D:10:     minmay_the_grid_triangle_9x9_recursive_2,
          minmay_orc_entry_temple_small, enter_bailey_3, okawaru_metal_pillars_3
Temple:   minmay_temple_curvy_loop
Ossuary:  ossuary_minmay_tomb_2a
Bailey:   bailey_polearm_flooded_kennysheep, bailey

Skill      XL: |  1  2  3  4  5  6  7  8  9 |
---------------+----------------------------+-----
Dodging        | 2 3 4 5 6 7 11 | 11.0
Stealth        | 2 3 4 5 6 8 12 | 12.0
Fighting       | 2 3 4 5 8 |  8.7
Unarmed Combat | 7 8 10 | 10.3
Evocations     | |  1.1

Action                   |  1- 3 |  4- 6 |  7- 9 | 10-12 || total
-------------------------+-------+-------+-------+-------++-------
Melee: Unarmed           |   105 |   135 |   560 |    19 ||   819
       Bite              |    10 |    15 |    51 |     2 ||    78
       Punch             |     2 |    10 |    22 |       ||    34
Evoke: Wand              |       |     2 |    30 |     4 ||    36
       Box of beasts     |       |       |     2 |       ||     2
  Use: Potion            |       |     2 |     9 |     2 ||    13
       Scroll            |       |     9 |    12 |     2 ||    23
 Stab: Distracted        |     1 |       |     3 |       ||     4
       Sleeping          |     9 |     2 |    18 |       ||    29
       Betrayed ally     |       |       |     1 |       ||     1
       Paralysed         |       |       |     2 |       ||     2
  Eat: Chunk             |     7 |     8 |    26 |     2 ||    43
Armor: Skin              |     4 |    10 |    18 |     1 ||    33
Dodge: Dodged            |    48 |    79 |   696 |    30 ||   853

Table legend:
 A = Spawn XP
 B = Non-spawn XP
 C = Spawn XP percentage of total XP
 D = Spawn monster count
 E = Non-spawn monster count
 F = Spawn count percentage of total count
 G = Total turns spent on level
                    A         B        C        D         E        F      G
               +---------+---------+-------+---------+---------+-------+---------
         Total |       0 |   10822 |   0.0 |       0 |     261 |   0.0 | 11714
               +---------+---------+-------+---------+---------+-------+---------
           D:1 |       0 |      44 |   0.0 |       0 |      31 |   0.0 |   973
           D:2 |       0 |      65 |   0.0 |       0 |      22 |   0.0 |  1366
           D:3 |       0 |     130 |   0.0 |       0 |      24 |   0.0 |  1327
           D:4 |       0 |     981 |   0.0 |       0 |      24 |   0.0 |  1255
           D:5 |       0 |     430 |   0.0 |       0 |      17 |   0.0 |   773
           D:6 |       0 |    1322 |   0.0 |       0 |      35 |   0.0 |  1592
           D:7 |       0 |    1584 |   0.0 |       0 |      23 |   0.0 |  1269
           D:8 |       0 |    3094 |   0.0 |       0 |      27 |   0.0 |  1555
           D:9 |       0 |    1228 |   0.0 |       0 |      19 |   0.0 |   489
          D:10 |       0 |       4 |   0.0 |       0 |       2 |   0.0 |    24
       Ossuary |       0 |     203 |   0.0 |       0 |      15 |   0.0 |   468
        Bailey |       0 |    1737 |   0.0 |       0 |      22 |   0.0 |   468
               +---------+---------+-------+---------+---------+-------+---------
